 Dungeon Crawl Stone Soup version 0.30-a0-639-g3916f1956a (webtiles) character file.

Game seed: 4673084494494318907

2448 wormed the Fighter (level 9, -9/101 HPs)
             Began as an Ogre Gladiator on Jan 16, 2023.
             Was a Believer of Okawaru.
             Mangled by a large slime creature (12 damage)
             ... on level 7 of the Dungeon.
             The game lasted 00:11:18 (6803 turns).

wormed the Fighter (Ogre Gladiator)                 Turns: 6803, Time: 00:11:19

Health: -9/101     AC: 13    Str: 24    XL:     9   Next: 49%
Magic:  9/9        EV: 11    Int:  9    God:    Okawaru [**....]
Gold:   500        SH:  0    Dex: 10    Spells: 8/8 levels left

rFire   . . .      SeeInvis .    q - +0 demon whip
rCold   . . .      Faith    .    (no shield)
rNeg    . . .      Spirit   .    o - +0 shadow dragon scales
rPois   .          Reflect  .    c - +1 hat
rElec   .          Harm     .    K - scarf {repulsion}
rCorr   .          Rampage  .    (gloves unavailable)
Will    .....                    (boots unavailable)
Stlth   ++                       (no amulet)
HPRegen 0.36/turn                k - +5 ring of evasion
MPRegen 0.11/turn                u - ring of flight

@: about to teleport, flying, repel missiles
A: large, unfitting armour, tough skin 1
a: Renounce Religion, Heroism


You were on level 7 of the Dungeon.
You worshipped Okawaru.
Okawaru was pleased with you.
You visited 2 branches of the dungeon, and saw 8 of its levels.
You also visited: Sewer and Bailey.

You collected 500 gold pieces.

Inventory:

Hand Weapons
 q - a +0 demon whip (weapon)
Missiles
 l - 8 datura-tipped darts
 p - 24 poisoned darts
 w - 6 javelins (quivered)
 x - a large rock
 E - 16 curare-tipped darts
Armour
 b - a +0 robe
 c - a +1 hat (worn)
 o - +0 shadow dragon scales (worn)
 K - a scarf of repulsion (worn)
Jewellery
 h - an amulet of reflection
 k - a +5 ring of evasion (left hand)
 u - a ring of flight (right hand)
Wands
 e - a wand of flame (22)
 y - a wand of polymorph (11)
 J - a wand of iceblast (10)
Scrolls
 a - a scroll of identify
 f - 3 scrolls of teleportation
 i - 2 scrolls of amnesia
 j - 2 scrolls of torment
 m - 2 scrolls of immolation
Potions
 g - 2 potions of might
 n - a potion of heal wounds
 r - a potion of curing
 t - 2 potions of mutation {unknown}
 v - 5 potions of attraction {unknown}
 z - a potion of ambrosia {unknown}
 B - a potion of invisibility {unknown}
 C - 3 potions of brilliance {unknown}
 D - 2 potions of lignification {unknown}
 F - a potion of magic {unknown}


   Skills:
 + Level 9.8 Fighting
 + Level 7.1 Maces & Flails
 + Level 7.5 Throwing
 - Level 2.6 Dodging


You had 8 spell levels left.
You didn't know any spells.
Your spell library contained the following spells:

 Spells                   Type           Power      Damage    Failure   Level
 Shock                    Conj/Air       0%         1d3       98%         1
 Cigotuvi's Dreadful Rot  Necr/Pois/Air  0%         N/A       99%         2
 Lesser Beckoning         Tloc           0%         N/A       99%         2
 Poisonous Vapours        Pois/Air       0%         N/A       99%         2
 Gell's Gravitas          Tloc           0%         N/A       100%        3
 Mephitic Cloud           Conj/Pois/Air  0%         N/A       100%        3
 Swiftness                Air            0%         N/A       100%        3
 Teleport Other           Tloc           0%         N/A       100%        3
 Airstrike                Air            0%         2d(0-16)  100%        4


Dungeon Overview and Level Annotations

Branches:
Dungeon (7/15)             Temple (1/1) D:5           Sewer (visited)
 Bailey (visited)

Altars:
Ashenzari
Cheibriados
Elyvilon
Fedhas
Gozag
Hepliaklqana
Kikubaaqudgha
Makhleb
Nemelex Xobeh
Okawaru
Ru
Trog
Uskayaw
Vehumet
Wu Jian
Xom
Yredelemnul
Zin
The Shining One

Annotations:
D:6 2 transporters


Innate Abilities, Weirdness & Mutations

You are too large for most types of armour.
You have tough skin. (AC +1)


Message History

The endoplasm quivers.
The slime creature hits you!
Two slime creatures merge to form a large slime creature.
You barely miss the endoplasm.
The endoplasm hits you but does no damage.
You hit the endoplasm.
The endoplasm is almost dead.
You hit the endoplasm.
You kill the endoplasm!
Okawaru accepts your kill.
Two slime creatures merge to form a large slime creature.
You hit the large slime creature.
The large slime creature is lightly wounded.
Two slime creatures merge to form a very large slime creature.
You see here a +0 short sword.
The very large slime creature attacks as you move away!
The very large slime creature hits you!
The very large slime creature attacks as you move away!
The very large slime creature hits you but does no damage.
The very large slime creature attacks as you move away!
The very large slime creature hits you!!
There is an open door here.
The endoplasm jiggles.
Things that are here:
a +0 dagger; a kobold skeleton
Things that are here:
a +0 short sword; a kobold skeleton The very large slime creature attacks as you move away!
The very large slime creature hits you but does no damage.
The very large slime creature attacks as you move away!
The very large slime creature hits you!
There is an open gate here.
The very large slime creature attacks as you move away!
The very large slime creature hits you!!
* * * LOW HITPOINT WARNING * * *
As you read the scroll of teleportation, it crumbles to dust.
You feel strangely unstable.
A very large slime creature splits.
The large slime creature attacks as you move away!
The large slime creature hits you!
You die...

##...........## #....
##........### #.... #.....####
#.... ##.....# ###.... ###
#.....# #...... J##.#######
##....### #......
.#.#.#....#####....##.## #......
.#J#.#...))##.##...#...####......
.#.#'#......'.##@......#.<.......
.#)#.)......'..JJ.........###....
P#.#..).....'..J####....### #....
J#.#.......##..## #.....# ##...
.'##..)...###.## #.....# ####
.############.## ##.....# #
#######...# ##.....##
######.........###.....##
....#..........##.....##


You could see a large slime creature, a slime creature and an endoplasm.

Vanquished Creatures
  Sigmund (D:2)
  4 water moccasins
  2 orc warriors (Bailey)
  Pargi (Sewer)
  A sky beast (D:6)
  2 centaurs
  A phantom (D:3)
  7 kobold brigands
  A necrophage (D:7)
  2 bullfrogs (D:7)
  2 scorpions
  2 howler monkeys (D:7)
  A hound (D:4)
  A jelly (D:5)
  2 orc wizards
  10 gnolls
  5 adders
  2 white imps
  4 dart slugs
  13 orcs
  7 bats
  6 endoplasms
  10 giant cockroaches
  11 goblins
  11 hobgoblins
  5 jackals
  7 quokkas
  10 ball pythons
  A frilled lizard (D:3)
  11 kobolds
  7 rats
150 creatures vanquished.

Vanquished Creatures (others)
  6 toadstools (D:7)
6 creatures vanquished.

Grand Total: 156 creatures vanquished

Notes
Turn   | Place    | Note
-------+----------+-------------------------------------------
     0 | D:1      | wormed the Ogre Gladiator began the quest for the Orb.
     0 | D:1      | Reached XP level 1. HP: 22/22 MP: 1/1
    90 | D:1      | Reached skill level 3 in Fighting
    90 | D:1      | Reached XP level 2. HP: 31/31 MP: 2/2
   358 | D:1      | Reached XP level 3. HP: 37/37 MP: 3/3
   649 | D:2      | Reached XP level 4. HP: 30/48 MP: 4/4
   854 | D:2      | Reached skill level 4 in Fighting
   881 | D:2      | Found a faded altar of an unknown god.
  1074 | D:2      | Noticed Sigmund
  1076 | D:2      | Killed Sigmund
  1077 | D:2      | Reached skill level 5 in Fighting
  1077 | D:2      | Reached XP level 5. HP: 57/57 MP: 5/5
  1077 | D:2      | Reached XP level 6. HP: 66/66 MP: 6/6
  1376 | D:3      | You fall into a shaft and drop 1 floor!
  1609 | D:3      | Found a glowing drain.
  1644 | Sewer    | Entered a sewer
  1693 | Sewer    | Noticed Pargi
  1706 | Sewer    | Killed Pargi
  2442 | D:3      | Reached XP level 7. HP: 65/74 MP: 7/7
  2585 | D:3      | Reached skill level 6 in Fighting
  3151 | D:5      | Entered Level 5 of the Dungeon
  3245 | D:5      | Found a staircase to the Ecumenical Temple.
  3274 | D:5      | Found a white marble altar of Elyvilon.
  3370 | Temple   | Entered the Ecumenical Temple
  3590 | D:5      | Reached skill level 5 in Maces & Flails
  3590 | D:5      | Reached skill level 5 in Throwing
  3677 | D:5      | Found an ornate altar of the Wu Jian Council.
  3702 | D:5      | Found a broken altar of Ashenzari.
  3702 | D:5      | Found an iron altar of Okawaru.
  3705 | D:5      | Found a basalt altar of Yredelemnul.
  4071 | D:5      | Became a worshipper of Warmaster Okawaru
  4206 | D:6      | Reached skill level 7 in Fighting
  4303 | D:6      | Found a transporter.
  4314 | D:6      | Noticed an orc sorcerer
  4327 | D:6      | Noticed a kobold demonologist
  4333 | D:6      | Found a transporter.
  4430 | D:6      | Reached XP level 8. HP: 87/87 MP: 8/8
  4716 | D:6      | Found a large runed translucent door.
  4717 | D:6      | Found a large runed translucent door.
  4928 | D:6      | Found a hazy altar of Hepliaklqana.
  4934 | D:6      | Found a radiant altar of Vehumet.
  5279 | D:7      | Reached skill level 8 in Fighting
  5287 | D:7      | Reached * piety under Okawaru
  5444 | D:7      | Found a flagged portal.
  5468 | Bailey   | Entered a bailey
  5705 | Bailey   | Identified the +0 rapier of Intimidation {pain, Str+4
                  | Int+4}
  5732 | Bailey   | Reached skill level 9 in Fighting
  5732 | Bailey   | Reached XP level 9. HP: 88/98 MP: 9/9
  5831 | Bailey   | Found a bloodstained altar of Trog.
  5933 | D:7      | Identified a scroll of acquirement
  5933 | D:7      | Acquired a staff of fire
  6272 | D:7      | Reached ** piety under Okawaru
  6492 | D:7      | HP: 1/101 [poisoned by a kobold]
  6801 | D:7      | HP: 2/101 [very large slime creature (34)]
  6803 | D:7      | Mangled by a large slime creature

Illustrated notes

Levels and vault maps discovered:
D:1:      dpeg_arrival_snail, layout_rooms
D:2:      layout_basic, hellmonk_ecumenical_altar_pennies_from_heaven,
          minmay_crystal_water, minivault_23, uniq_sigmund
D:3:      layout_loops_corners, gup_sewer_entry_pipe, minivault_25, minivault_4,
          eino_tiny_chamber
D:4:      minmay_razor_zed, layout_layer_cave, chequers_ossuary_entry_cave,
          hangedman_feature_mirror
D:5:      layout_basic, grunt_temple_overflow_open, elyvilon_altar_4,
          minmay_temple_entry_trees
D:6:      gammafunk_wand_slinger, layout_loops_ring, jmf_multi_god_temple2
D:7:      cheibrodos_fertilizer, layout_cave_pods, enter_bailey_5
Temple:   nicolae_temple_bog_church

Skill      XL: |  1  2  3  4  5  6  7  8  9 |
---------------+----------------------------+-----
Fighting       | 3 5 7 9 |  9.8
Maces & Flails | 3 4 5 6 7 |  7.1
Throwing       | 3 4 5 6 7 |  7.5
Dodging        | |  2.6

Action                   |  1- 3 |  4- 6 |  7- 9 || total
-------------------------+-------+-------+-------++-------
Melee: Flail             |    75 |       |       ||    75
       Demon whip        |    20 |   115 |   277 ||   412
       Punch             |       |     1 |     8 ||     9
Throw: Large rock        |     2 |     4 |     4 ||    10
       Javelin           |       |     5 |    27 ||    32
       Throwing net      |       |     1 |     2 ||     3
  Use: Scroll            |       |       |    20 ||    20
       Potion            |       |       |     5 ||     5
 Stab: Sleeping          |       |     1 |     3 ||     4
Armor: Robe              |    38 |    17 |    20 ||    75
       Shadow dragon sca |       |       |    55 ||    55
Dodge: Dodged            |    95 |    84 |   234 ||   413

Table legend: (Time is in decaauts)
 A = Elapsed time spent in this place.
 B = Non-inter-level travel time spent in this place.
 C = Inter-level travel time spent in this place.
 D = Time resting spent in this place.
 E = Time spent auto-exploring this place.
 F = Levels seen in this place.
 G = Mean time per level.
                   A        B        C        D        E       F      G
               +--------+--------+--------+--------+--------+-----+--------+
         Total |   6785 |   6545 |    240 |    122 |   5115 |  10 |  678.5 |
       Dungeon |   5995 |   5769 |    226 |    122 |   4565 |   7 |  856.4 |
        Temple |    178 |    164 |     14 |      0 |    129 |   1 |  178.0 |
         Sewer |    140 |    140 |      0 |      0 |     97 |   1 |  140.0 |
        Bailey |    471 |    471 |      0 |      0 |    324 |   1 |  471.0 |
               +--------+--------+--------+--------+--------+-----+--------+

Top non-repeatable levels by time:
     D:3: 1164 daAuts
     D:7: 1157 daAuts
     D:6: 1063 daAuts
     D:2: 845 daAuts
     D:5: 757 daAuts
     D:1: 529 daAuts
     D:4: 476 daAuts
  Bailey: 471 daAuts
  Temple: 178 daAuts
   Sewer: 140 daAuts
